 Dungeon Crawl Stone Soup version 0.28.0-49-g6dfe1f597d (webtiles) character file.

Game seed: 2205584243290898531

22 CryoSword the Skirmisher (level 2, -2/28 HPs)
             Began as a Naga Abyssal Knight on May 15, 2022.
             Was a Follower of Lugonu.
             Slain by a hobgoblin (4 damage)
             ... led by Robin
             ... on level 2 of the Dungeon.
             The game lasted 00:01:59 (718 turns).

CryoSword the Skirmisher (Naga Abyssal Knight)       Turns: 718, Time: 00:02:00

Health: -2/28      AC:  2    Str: 15    XL:     2   Next: 91%
Magic:  3/3        EV:  9    Int: 10    God:    Lugonu [*.....]
Gold:   63         SH:  0    Dex: 11    Spells: 1/1 levels left

rFire   . . .      SeeInvis +   a - +1 mace
rCold   . . .      Faith    .   (no shield)
rNeg    . . .      Spirit   .   b - +0 leather armour
rPois   +          Reflect  .   (no helmet)
rElec   .          Harm     .   (no cloak)
rCorr   .          Rampage  .   (no gloves)
Will    .....                   (no barding)
Stlth   ++........              (no amulet)
HPRegen 0.09/turn               (no ring)
MPRegen 0.08/turn               (no ring)

@: very slow
A: AC +0, large, see invisible, deformed body, poison resistance, slowness 2,
spit poison 1, naga tail 1
a: Spit Poison, Renounce Religion, Depart the Abyss


You were on level 2 of the Dungeon.
You worshipped Lugonu.
Lugonu was aware of your devotion.
You visited 1 branch of the dungeon, and saw 2 of its levels.
You visited the Abyss 1 time.

You collected 63 gold pieces.

Inventory:

Hand Weapons
 a - a +1 mace (weapon)
Armour
 b - a +0 leather armour (worn)
Scrolls
 d - a scroll of amnesia {unknown}
 e - a scroll of vulnerability {unknown}


   Skills:
 - Level 3.0 Fighting
 * Level 3.0 Maces & Flails
 - Level 1.5 Armour
 - Level 0.7 Dodging
 + Level 2.0 Stealth
 - Level 2.0 Invocations


You had one spell level left.
You didn't know any spells.
Your spell library was empty.

Dungeon Overview and Level Annotations

Branches:
Dungeon (2/15)

Altars:

Annotations:
D:2 Robin


Innate Abilities, Weirdness & Mutations

Your serpentine skin is tough. (AC +0)
You have supernaturally acute eyesight. (SInv)
Armour fits poorly on your strangely shaped body.
Your system is resistant to poisons. (rPois)
You cover ground very slowly.
You can spit poison.
You have a snake-like lower body.


Message History

There is a fountain of sparkling water here.
There is a fountain of sparkling water here.
Found 20 stones.
You see here 20 stones.
Could not explore, unopened door.
You open the door.
There is an open door here.
Could not explore, unopened door.
Could not explore, unopened door.
You open the door.
There is an open door here.
There is an open door here.
There is an open door here.
There is an open door here.
There is an open door here.
A rat comes into view.
A rat is nearby!
A rat is nearby!
You open the door.
Aim: a rat (59% to hit)
The splash of poison hits the rat.
The rat is poisoned.
You kill the rat!
Lugonu accepts your kill.
You have got your breath back.
Could not explore, unopened door.
Could not explore, unopened door.
You open the door.
You see here 23 stones.
Done exploring.
Done exploring.
Done exploring.
There is a stone staircase leading down here.
You climb downwards.
Found a scroll labelled MAIRUEGUESCH.
There is a stone staircase leading up here.
e - a scroll labelled MAIRUEGUESCH
Found a shiny chain mail.
Found a stone staircase leading down.
Found a quarterstaff.
A goblin comes into view.
It is wielding a +1 dagger of holy wrath.
Okay, then.
A hobgoblin comes into view.
The goblin shouts!
Aim: a goblin, wielding a +1 dagger of holy wrath (50% to hit)
The splash of poison hits the goblin!
The goblin is poisoned.
You kill the goblin!
Lugonu accepts your kill.
The hobgoblin shouts!
A hobgoblin comes into view.
The hobgoblin shouts!
You hear a shout!
A hobgoblin comes into view.
A goblin comes into view. It is wielding a +0 club.
Robin of the Strong Arm comes into view.
They are wielding a +0 dagger and wearing a +0 helmet of intelligence.
A goblin comes into view. It is wielding a +0 dagger.
A hobgoblin comes into view.
You closely miss the hobgoblin.
You have got your breath back.
The goblin shouts!
The hobgoblin shouts!
You hear a shout!
The hobgoblin hits you.
A hobgoblin comes into view.
The hobgoblin shouts!
Robin shouts!
You closely miss the hobgoblin.
The hobgoblin hits you but does no damage.
A goblin comes into view. It is wielding a +0 club. x2
You sock the hobgoblin!
You kill the hobgoblin!
Lugonu accepts your kill. Robin throws the goblin at you!
The goblin hits you but does no damage. The goblin completely misses you.
A kobold comes into view. It is wielding a +0 club.
The hobgoblin shouts!
You sock the goblin!
You kill the goblin!
Lugonu accepts your kill. The hobgoblin barely misses you.
Robin throws the goblin at you!
The goblin hits you but does no damage. x2
The goblin hits you but does no damage.
There is a stone staircase leading down here.
The goblin unwields a +0 club.
The goblin wields a +0 hunting sling.
The goblin shoots a stone.
The stone hits you.
Aim: Robin, wielding a +0 dagger, wearing a +0 animal skin and wearing a +0 helmet of intelligence (70% to hit)
The splash of poison hits the hobgoblin.
You kill the hobgoblin!
Lugonu accepts your kill.
The goblin shoots a stone.
The stone hits you. Robin throws the goblin at you!
A goblin comes into view. It is wielding a +0 dagger.
A goblin comes into view. It is wielding a +0 club.
The goblin hits you with a +0 dagger.
The goblin shouts!
You hit the goblin but do no damage. The goblin misses you.
You sock the goblin!
You kill the goblin!
Lugonu accepts your kill.
The goblin shoots a stone.
The stone hits you.
* * * LOW HITPOINT WARNING * * *
You hit the hobgoblin.
You have got your breath back.
The hobgoblin closely misses you.
You barely miss the hobgoblin. The hobgoblin barely misses you.
You hit the hobgoblin.
You kill the hobgoblin!
Lugonu accepts your kill.
The goblin shoots a stone.
The stone hits you.
* * * LOW HITPOINT WARNING * * *
The goblin hits you with a +0 club.
* * * LOW HITPOINT WARNING * * *
You barely miss the goblin. The goblin hits you with a +0 club.
* * * LOW HITPOINT WARNING * * *
You miss the goblin. The goblin closely misses you.
You closely miss the goblin. The goblin hits you with a +0 club.
* * * LOW HITPOINT WARNING * * *
You miss the goblin. The goblin closely misses you.
You hit the goblin. The goblin barely misses you.
The goblin hits you with a +0 club.
* * * LOW HITPOINT WARNING * * *
You hit the goblin.
You kill the goblin!
Lugonu accepts your kill. The hobgoblin hits you.
* * * LOW HITPOINT WARNING * * *
You closely miss the hobgoblin. The hobgoblin hits you.
* * * LOW HITPOINT WARNING * * *
You barely miss the hobgoblin. The hobgoblin hits you.
* * * LOW HITPOINT WARNING * * *
You hit the hobgoblin but do no damage.
The hobgoblin hits you but does no damage.
It was a potion of curing.
You feel better. The hobgoblin hits you.
* * * LOW HITPOINT WARNING * * *
You sock the hobgoblin!
You kill the hobgoblin!
Lugonu accepts your kill.
The kobold throws a stone.
The stone barely misses you.
The goblin shoots a stone.
The stone closely misses you.
Your Stealth skill increases to level 2!
Aim: a hobgoblin (59% to hit)
The splash of poison hits the goblin.
You kill the goblin!
Lugonu accepts your kill.
The goblin shoots a stone.
The stone hits you.
* * * LOW HITPOINT WARNING * * *
Your Maces & Flails skill increases to level 3!
Found 14 gold pieces.
The goblin hits you with a +0 club.
* * * LOW HITPOINT WARNING * * *
The goblin barely misses you.
You have got your breath back.
Robin roars a battlecry!
The goblins go into a battle-frenzy!
The goblin barely misses you.
You hit the hobgoblin but do no damage. The hobgoblin hits you.
You die...

## ##. #.. #....
#$#.# .# .#
#.#.#####.#..#
#.#.... ..#).#.
#@#..###.......
#g#............
#g..).#.#.#.#..
#.g##...†......
###..##.#.#.#.#..
#....K>K.)......#
#.#####g#.#.#.#.##
#. #..........###
# #.#.#.#.#...<.


You could see Robin, a hobgoblin (strong), a goblin (strong) and a kobold.

Vanquished Creatures
  A ball python (D:1)
  An endoplasm (D:1)
  6 goblins
  6 hobgoblins
  A bat (D:1)
  A frilled lizard (D:1)
  2 rats (D:1)
18 creatures vanquished.

Notes
Turn   | Place    | Note
-------+----------+-------------------------------------------
     0 | Abyss:1  | CryoSword the Naga Abyssal Knight began the quest for the
                  | Orb.
     0 | Abyss:1  | Reached XP level 1. HP: 21/21 MP: 2/2
     8 | D:1      | Escaped the Abyss
   204 | D:1      | Reached skill level 1 in Stealth
   337 | D:1      | Reached XP level 2. HP: 28/28 MP: 3/3
   399 | D:1      | Found a faded altar of an unknown god.
   685 | D:2      | Noticed Robin
   713 | D:2      | HP: 1/28 [goblin/+0 club[Robin] (4)]
   718 | D:2      | Slain by a hobgoblin

Illustrated notes

Levels and vault maps discovered:
D:1:      eino_arrival_water_star, layout_basic, ebering_ecumenical_altar_hall
D:2:      layout_loops_ring, serial_shops, nicolae_shop_behind_doors,
          serial_co_window_serial, co_window_paths_a, co_window_corner_a,
          co_window_cross_1, co_window_corner_a, co_window_paths_a,
          co_window_corner_a, co_window_paths_b, co_window_paths_b,
          co_window_paths_a, co_window_unsneaky_path_e, co_window_broadway_a,
          co_window_broadway_c, co_window_unsneaky_path_e, co_window_paths_e,
          glass_columns_c, glass_columns_a, glass_columns_b, glass_columns_a,
          uniq_robin, uniq_terence

Skill      XL: |  1  2 |
---------------+-------+-----
Stealth        | 1 2 |  2.0
Maces & Flails | 3 |  3.0
Fighting       | |  3.0
Armour         | |  1.5
Dodging        | |  0.7
Invocations    | |  2.0

Action                   || total
-------------------------++-------
Melee: Mace              ||    30
 Abil: Spit Poison       ||    11
  Use: Potion            ||     1
Armor: Leather armour    ||    10
Dodge: Dodged            ||    17
